 Dungeon Crawl Stone Soup version 0.23.2-1-ga50397a6bc (webtiles) character file.

Game seed: 11938262666709083909

66 Andrea the Slasher (level 4, -11/37 HPs)
             Began as a Human Fighter on May 5, 2019.
             Mangled by an ogre
             ... wielding a +0 giant club
              (15 damage)
             ... on level 4 of the Dungeon.
             The game lasted 00:01:57 (1944 turns).

Andrea the Slasher (Human Fighter)                  Turns: 1944, Time: 00:01:58

Health: -11/37     AC:  6    Str: 18    XL:     4   Next: 37%
Magic:  4/4        EV:  7    Int:  8    God:
Gold:   39         SH:  9    Dex: 12    Spells: 3/3 levels left

rFire    . . .     SeeInvis .   a - +0 long sword
rCold    . . .     Gourm    .   c - +0 shield
rNeg     . . .     Faith    .   b - +0 scale mail
rPois    .         Spirit   .   (no helmet)
rElec    .         Reflect  .   (no cloak)
rCorr    .         Harm     .   (no gloves)
MR       .....                  (no boots)
Stlth    ..........             (no amulet)
HPRegen  0.12/turn              (no ring)
MPRegen  0.09/turn              (no ring)

@: no status effects
A: no striking features
a: no special abilities


You were on level 4 of the Dungeon.
You were not hungry.

You visited 1 branch of the dungeon, and saw 5 of its levels.

You collected 39 gold pieces.

Inventory:

Hand Weapons
 a - a +0 long sword (weapon)
Armour
 b - a +0 scale mail (worn)
 c - a +0 shield (worn)
Jewellery
 m - an uncursed ring of protection from magic
Scrolls
 e - 3 scrolls of identify {unknown}
 g - 2 scrolls of fear {unknown}
 j - 2 scrolls of magic mapping {unknown}
 l - a scroll of teleportation {unknown}
 n - a scroll of enchant armour {unknown}
 o - a scroll of immolation {unknown}
 p - 2 scrolls of remove curse {unknown}
Potions
 d - a potion of might
 h - 3 potions of lignification {unknown}
 i - a potion of magic {unknown}
 q - a potion of heal wounds {unknown}
Comestibles
 f - 5 rations
 k - 2 chunks of flesh


   Skills:
 + Level 3.6 Fighting
 * Level 3.7 Long Blades
 - Level 3.0 Armour
 - Level 3.0 Shields


You had 3 spell levels left.
You didn't know any spells.
Your spell library was empty.

Dungeon Overview and Level Annotations

Branches:
Dungeon (5/15)
 Temple: D:4-7

Altars:
Fedhas
Qazlal
The Shining One

Annotations:
D:5 Grinder, Pikel


Message History

You stop sporulating.
Your +0 long sword unmelds from your body.
Your +0 shield unmelds from your body.
Your +0 scale mail unmelds from your body.
You block the ogre's attack.
You hit the ogre.
The ogre is moderately wounded.
The ogre hits you but does no damage.
You slash the ogre!
The ogre is heavily wounded.
The ogre hits you with a +0 giant club!
You hit the ogre.
The ogre is heavily wounded.
The ogre hits you with a +0 giant club!!
Ouch! That really hurt!
* * * LOW HITPOINT WARNING * * *
You hit the ogre.
The ogre is heavily wounded.
The ogre hits you with a +0 giant club!
You die...

..#.. .)
..#.#.#.#.###.....
...#.............
#..#.#.#........# ..
#..#....<......#
....##..#.#.#.#.....
.)........#.#.#...#
#>#.#.#.#..##
#.......@...#
#.#.#.#.#O......
..........#.#.....##
#...........##.....#
##..........# #.....
##.###..=.... #..##
... #####.#.# ..#
###. #.#.# .# #


You could see an ogre.

Vanquished Creatures
  2 adders
  A worm (D:2)
  A dart slug (D:1)
  A leopard gecko (D:3)
  An orc (D:2)
  3 giant cockroaches (D:1)
  8 goblins
  2 hobgoblins (D:2)
  2 jackals (D:1)
  6 kobolds
  4 bats
  6 frilled lizards
  4 rats
41 creatures vanquished.

Notes
Turn   | Place    | Note
-------+----------+-------------------------------------------
     0 | D:1      | Andrea the Human Fighter began the quest for the Orb.
     0 | D:1      | Reached XP level 1. HP: 18/18 MP: 1/1
   158 | D:1      | Reached XP level 2. HP: 17/24 MP: 2/2
   646 | D:1      | Found a glowing golden altar of the Shining One.
   755 | D:1      | Reached XP level 3. HP: 29/29 MP: 3/3
  1093 | D:2      | Found a blossoming altar of Fedhas.
  1133 | D:2      | Found a stormy altar of Qazlal.
  1534 | D:2      | Reached XP level 4. HP: 16/35 MP: 4/4
  1911 | D:3      | You fall through a shaft for 2 floors!
  1911 | D:5      | Entered Level 5 of the Dungeon
  1911 | D:5      | Noticed Pikel
  1911 | D:5      | Noticed a slave
  1911 | D:5      | Noticed a slave
  1912 | D:5      | Noticed a slave
  1912 | D:5      | Noticed a slave
  1914 | D:5      | Noticed Grinder
  1934 | D:4      | Noticed an ogre
  1944 | D:4      | Mangled by an ogre

Skill      XL: |  1  2  3 |
---------------+----------+-----
Long Blades    | 3 |  3.7
Fighting       | |  3.6
Armour         | |  3.0
Shields        | |  3.0

Action                   |  1- 3 |  4- 6 || total
-------------------------+-------+-------++-------
Melee: Long sword        |   117 |    36 ||   153
       Unarmed           |       |     1 ||     1
  Eat: Chunk             |     2 |     2 ||     4
Armor: Scale mail        |    54 |     9 ||    63
Dodge: Dodged            |    42 |    11 ||    53
Block: Shield            |    54 |    25 ||    79
       Rpst.: Long sword |    11 |     6 ||    17
